 Dungeon Crawl Stone Soup version 0.19.0-2-gae57169 (webtiles) character file.

94 magipi the Distorting Centaur (level 4, -2/38 HPs)
             Began as a Centaur Abyssal Knight on Nov 6, 2016.
             Was a Believer of Lugonu.
             Killed by divine providence
             ... invoked by an orc priest
              (14 damage)
             ... on level 3 of the Dungeon.
             The game lasted 00:07:21 (2563 turns).

magipi the Distorting Centaur (CeAK)                Turns: 2563, Time: 00:07:22

Health: -2/38      AC:  8    Str: 14    XL:     4   Next: 38%
Magic:  6/6        EV:  4    Int: 11    God:    Lugonu [**....]
Gold:   121        SH:  0    Dex: 10    Spells: 0 memorised, 3 levels left

rFire  . . .     SeeInvis .     a - +1 spear
rCold  . . .     Gourm    .     b - +0 chain mail
rNeg   . . .     Faith    .     (no shield)
rPois  .         Spirit   .     (no helmet)
rElec  .         Reflect  .     q - +0 cloak
rCorr  .         Harm     .     (no gloves)
MR     .....                    (no barding)
Stlth  ..........               (no amulet)
                                (no ring)
                                (no ring)

@: very quick
A: hooves 3, deformed body, speed 2, tough skin 3
a: Depart the Abyss, Bend Space, Renounce Religion


You were on level 3 of the Dungeon.
You worshipped Lugonu.
Lugonu was pleased with you.
You were hungry.

You visited 1 branch of the dungeon, and saw 3 of its levels.
You visited the Abyss 1 time.

You collected 121 gold pieces.

Notes
Turn   | Place    | Note
-------+----------+-------------------------------------------
     0 | Abyss:1  | magipi the Centaur Abyssal Knight began the quest for the Orb.
     0 | Abyss:1  | Reached XP level 1. HP: 19/19 MP: 2/2
    84 | Abyss:1  | Noticed a large abomination
    85 | D:1      | Escaped the Abyss
   296 | D:1      | Reached * piety under Lugonu
   407 | D:1      | Reached XP level 2. HP: 26/26 MP: 3/3
   591 | D:1      | Found a deep blue altar of Sif Muna.
   813 | D:1      | Reached XP level 3. HP: 31/31 MP: 5/5
  1284 | D:2      | Found a shadowy altar of Dithmenos.
  1394 | D:2      | Noticed Natasha
  1742 | D:3      | Reached XP level 4. HP: 22/38 MP: 6/6
  1864 | D:3      | Reached ** piety under Lugonu
  2563 | D:3      | Killed from afar by an orc priest

Inventory:

Hand Weapons
 a - a +1 spear (weapon)
Missiles
 l - 62 arrows
Armour
 b - a +0 chain mail (worn)
 q - a +0 cloak (worn)
Jewellery
 e - a +4 ring of dexterity {unknown}
Scrolls
 f - a scroll of remove curse {unknown}
 j - 2 scrolls of immolation {unknown}
 k - a scroll of fog {unknown}
 m - a scroll of identify {unknown}
 n - 2 scrolls of enchant armour {unknown}
 p - a scroll of blinking {unknown}
Potions
 d - 2 potions of flight {unknown}
 g - a potion of brilliance {unknown}
 h - a potion of lignification {unknown}
 o - a potion of might {unknown}
Comestibles
 c - 2 bread rations
 i - 2 meat rations


   Skills:
 - Level 3.0 Fighting
 + Level 3.2 Polearms
 - Level 1.3 Armour
 - Level 0.6 Dodging
 + Level 3.8 Invocations


You had 3 spell levels left.
You didn't know any spells.

Dungeon Overview and Level Annotations

Branches:
Dungeon (3/15)

Altars:
Dithmenos
Sif Muna

Annotations:
D:2 Natasha


Innate Abilities, Weirdness & Mutations

You have hooves in place of feet.
Armour fits poorly on your strangely shaped body.
You cover ground very quickly.
You have extremely tough skin. (AC +3)

Vault maps used:
D:1:      mrwooster_arrival_statue, minmay_hexomino_r4
D:2:      overflow_temple_1_default, minmay_statues_item, uniq_jessica,
          uniq_natasha
D:3:      gammafunk_temple_overflow_forgotten, first_bread


Message History

The kobold is severely wounded.
The kobold hits you but does no damage.
You miss the kobold.
The kobold is severely wounded.
You hit the kobold.
You kill the kobold!
Lugonu accepts your kill.
Things that are here:
a whip; a kobold corpse
Things that are here:
4 stones; a leather armour; a club You are feeling hungry.
Unknown command.
Okay, then.
You see here a club.
Natasha hisses angrily.
There is a stone staircase leading down here.
You climb downwards.
A kobold comes into view.
The kobold shouts!
The kobold hits you but does no damage.
There is a stone staircase leading up here.
You hit the kobold.
The kobold is severely wounded.
The kobold barely misses you.
You hit the kobold but do no damage. Your kick misses the kobold.
The kobold is severely wounded.
You hit the kobold.
You kill the kobold!
Lugonu accepts your kill.
Found a cloak.
Found a meat ration.
Found an escape hatch in the ceiling.
You see here a cloak.
q - a cloak Wear which item? (? for menu, Esc to quit)
You start putting on your armour.
You continue putting on your cloak. x4
You finish putting on your +0 cloak.
i - 2 meat rations (gained 1)
You open the door.
There is an open door here.
An orc and an orc priest come into view.
The orc priest is wielding a flail of protection.
The orc shouts!
You hear a shout! x2
The orc priest looks braver for a moment.
Unknown command.
Press: ? - help, v - describe, . - travel
Here: an orc, wielding a dagger The floor.
Unknown command.
Attack whom?
Press: ? - help, Dir - move target cursor, f - orc
Aim: an orc, wielding a dagger You reach to attack!
You hit the orc.
You kill the orc!
Lugonu accepts your kill.
You start waiting.
You closely miss the orc priest.
The orc priest hits you but does no damage.
You hit the orc priest.
The orc priest is moderately wounded.
The orc priest hits you with a flail of protection.
You barely miss the orc priest.
You kick the orc priest, but do no damage.
The orc priest is moderately wounded.
The orc priest mumbles some strange prayers to Beogh against you.
Pain shoots through your body!
You barely miss the orc priest. Your kick misses the orc priest.
The orc priest is moderately wounded.
The orc priest hits you with a flail of protection.
You hit the orc priest but do no damage.
The orc priest is moderately wounded.
You hit the orc priest.
You kick the orc priest, but do no damage.
The orc priest is heavily wounded.
The orc priest hits you with a flail of protection.
You hit the orc priest.
You kick the orc priest, but do no damage.
The orc priest is severely wounded.
The orc priest hits you but does no damage.
You hit the orc priest. You kick the orc priest.
The orc priest is almost dead.
The orc priest mumbles some strange prayers to Beogh against you.
You barely resist. You closely miss the orc priest.
The orc priest is almost dead.
The orc priest hits you with a flail of protection.
You completely miss the orc priest.
You kick the orc priest, but do no damage.
The orc priest is almost dead.
Unknown command.
You closely miss the orc priest. Your kick misses the orc priest.
The orc priest is almost dead.
The orc priest calls down the wrath of Beogh upon you.
Beogh smites you!
You hit the orc priest but do no damage.
Your kick misses the orc priest.
The orc priest is almost dead.
The orc priest calls down the wrath of Beogh upon you.
Beogh smites you!
You die...

..... #...##.....## ....
#####...##....... ..o
.........##.......
..########.#..........
#.#........#..........
#.##...##.##......#...
#...)......#......#...
#.######o#####......#...
#......@.....'......#...
################.#####......#.[.
#..<........# #.# #......#...
#...........# #.# #......#)##
#...........####.# #.........#
####........'....# #.........#
#........###### #####.....#
#............. .......#
#..........## ####....#


You could see an orc priest.

Vanquished Creatures
  A worker ant (D:3)
  An adder (D:3)
  An ooze (D:1)
  A worm (D:2)
  2 dart slugs
  4 orcs (D:3)
  3 bats (D:1)
  A giant cockroach (D:1)
  12 goblins
  2 hobgoblins
  4 jackals (D:1)
  7 kobolds
  5 rats
44 creatures vanquished.

Action                   |  1- 3 |  4- 6 || total
-------------------------+-------+-------++-------
Melee: Spear             |   141 |    51 ||   192
       Kick              |    17 |     9 ||    26
Invok: Depart the Abyss  |     1 |       ||     1
  Eat: Chunk             |     1 |     2 ||     3
Armor: Chain mail        |    69 |    14 ||    83
       Scale mail        |     1 |       ||     1
Dodge: Dodged            |    24 |     4 ||    28

Action                   |  1- 3 |  4- 6 || total
-------------------------+-------+-------++-------
Melee: Spear             |   141 |    51 ||   192
       Kick              |    17 |     9 ||    26
Invok: Depart the Abyss  |     1 |       ||     1
  Eat: Chunk             |     1 |     2 ||     3
Armor: Chain mail        |    69 |    14 ||    83
       Scale mail        |     1 |       ||     1
Dodge: Dodged            |    24 |     4 ||    28
